 Dungeon Crawl Stone Soup version 0.19-a0-320-gcfc3c9c (webtiles) character file.

8831 Ordine the Thaumaturge (level 11, -2/48 HPs)
             Began as a Deep Elf Wizard on May 28, 2016.
             Was a High Priest of Vehumet.
             Slain by a six-headed hydra (10 damage)
             ... on level 1 of the Lair of Beasts.
             The game lasted 01:17:57 (14961 turns).

Ordine the Thaumaturge (Deep Elf Wizard)           Turns: 14961, Time: 01:17:58

Health: -2/48      AC: 11    Str:  4    XL:     11   Next: 15%
Magic:  14/29      EV: 17    Int: 39    God:    Vehumet [*****.]
Gold:   341        SH:  4    Dex: 13    Spells: 9 memorised, 5 levels left

rFire  . . .     SeeInvis +     L - +7 blowgun of Valuable Assets {evade, Int+6}
rCold  + . .     Gourm    .     e - +0 steam dragon armour
rNeg   . . .     Faith    .     (no shield)
rPois  +         Spirit   .     O - +2 helmet
rElec  .         Dismiss  .     B - +0 cloak
rCorr  .         Reflect  +     a - +0 pair of gloves
SustAt .         Harm     .     y - +0 pair of boots
MR     +....     Rnd*Tele +     m - +4 amulet of reflection
Stlth  ++........               x - ring "Enogudas" {rC+ Int+6 SInv}
                                n - ring of poison resistance

@: repel missiles, somewhat resistant to hostile enchantments, unstealthy
A: frail 1, teleportitis 1
a: Renounce Religion


You were on level 1 of the Lair of Beasts.
You worshipped Vehumet.
Vehumet was extremely pleased with you.
You were not hungry.

You visited 3 branches of the dungeon, and saw 11 of its levels.

You collected 561 gold pieces.
You spent 220 gold pieces at shops.

Inventory:

Hand Weapons
 p - the +0 trident "Muasuimo" {flame, rC+++ rN++ Str-3 Int+2}
   (You found it on level 7 of the Dungeon)

   It has been specially enchanted to burn those struck by it, causing extra
   injury to most foes and up to half again as much damage against particularly
   susceptible opponents.
   It affects your strength (-3).
   It affects your intelligence (+2).
   It renders you almost immune to cold.
   It greatly protects you from negative energy.
 t - a +1 dagger
 L - the +7 blowgun of Valuable Assets (weapon) {evade, Int+6}
   (You found it on level 8 of the Dungeon)

   It affects your evasion (+5 to EV).
   It affects your intelligence (+6).
Armour
 a - a +0 pair of gloves (worn)
 e - a +0 steam dragon armour (worn)
 j - a +0 buckler
 y - a +0 pair of boots (worn)
 B - a +0 cloak (worn)
 O - a +2 helmet (worn)
Jewellery
 m - a +4 amulet of reflection (around neck)
 n - a ring of poison resistance (left hand)
 x - the ring "Enogudas" (right hand) {rC+ Int+6 SInv}
   (You found it on level 5 of the Dungeon)

   [ring of protection from cold]

   It affects your intelligence (+6).
   It protects you from cold.
   It lets you see invisible.
 C - an uncursed ring of protection from fire
Wands
 k - a wand of disintegration (8/24)
 E - a wand of polymorph (7/24)
 M - a wand of digging (8/24)
Scrolls
 q - a scroll of fear
 r - 6 scrolls of enchant armour
 v - 5 scrolls of remove curse
 w - 8 scrolls of teleportation
 G - a scroll of enchant weapon
 I - 2 scrolls of recharging
 N - a scroll of magic mapping
Potions
 f - a potion of ambrosia
 h - 7 potions of curing
 l - 5 potions of flight
 o - a potion of resistance
 z - a potion of brilliance
 A - 2 potions of heal wounds {unknown}
 H - a potion of agility {unknown}
 J - 3 potions of magic {unknown}
Books
 c - a book of Minor Magic

   Spells                             Type                      Level
   a - Magic Dart                     Conjuration                  1
   b - Blink                          Translocation                2
   c - Call Imp                       Summoning                    2
   d - Repel Missiles                 Charms/Air                   2
   e - Slow                           Hexes                        2
   f - Conjure Flame                  Conjuration/Fire             3
   g - Mephitic Cloud                 Conjuration/Poison/Air       3
 D - a book of Summonings

   Spells                             Type                      Level
   a - Recall                         Summoning/Translocation      3
   b - Aura of Abjuration             Summoning                    5
   c - Summon Demon                   Summoning                    5
   d - Summon Forest                  Summoning/Translocation      5
   e - Summon Mana Viper              Hexes/Summoning              5
   f - Shadow Creatures               Summoning                    6
Miscellaneous
 F - a crystal ball of energy
Comestibles
 b - 5 chunks of flesh
 d - 11 bread rations
 g - 3 fruits
 i - 13 beef jerkies
 s - 2 meat rations
 u - a royal jelly


   Skills:
 + Level 9.1 Dodging
 - Level 2.4 Stealth
 + Level 12.0 Spellcasting
 + Level 8.4 Conjurations
   Level 1.1 Summonings
 - Level 3.1 Translocations
 + Level 7.9 Fire Magic
 + Level 7.2 Air Magic


You had 5 spell levels left.
You knew the following spells:

 Your Spells              Type           Power        Failure   Level  Hunger
a - Magic Dart            Conj           ####         1%          1    None
b - Blink                 Tloc           N/A          1%          2    None
c - Conjure Flame         Conj/Fire      ######..     1%          3    None
d - Mephitic Cloud        Conj/Pois/Air  ######..     1%          3    None
e - Ignite Poison         Fire/Tmut/Pois #####...     1%          3    None
f - Fireball              Conj/Fire      ######....   1%          5    None
g - Airstrike             Air            ######....   1%          4    None
h - Repel Missiles        Chrm/Air       ######       1%          2    None
i - Bolt of Fire          Conj/Fire      ######....   2%          6    ###....


Dungeon Overview and Level Annotations

Branches:
Dungeon (9/15)             Temple (1/1) D:5            Lair (1/8) D:9
    Orc (0/2) D:9

Altars:
Ashenzari
Cheibriados
Dithmenos
Elyvilon
Fedhas
Gozag
Hepliaklqana
Kikubaaqudgha
Makhleb
Nemelex Xobeh
Okawaru
Pakellas
Qazlal
Ru
Sif Muna
Trog
Ukayaw
Vehumet
Xom
Yredelemnul
Zin
The Shining One
Beogh

Shops:
D:7 }

Annotations:
D:3 Enish's ghost, amateur MiAr
Lair:1 Gastronok


Innate Abilities, Weirdness & Mutations

You are frail. (-10% HP)
You are occasionally teleported next to monsters.


Message History

Aim: a six-headed hydra (heavily wounded)
The fireball explodes!
The fireball engulfs the six-headed hydra.
The six-headed hydra is severely wounded.
You hear an angry hiss. x2
Casting: Fireball
Confirm with . or Enter, or press ? or * to list all spells.
Aiming: Fireball
Press: ? - help, Shift-Dir - straight line, f/p - six-headed hydra
Aim: a six-headed hydra (severely wounded)
The fireball explodes!
The fireball engulfs the six-headed hydra.
The six-headed hydra is almost dead.
Gastronok waves his eye-stalks in wide circles.
The air twists around and strikes you! The six-headed hydra misses you.
The six-headed hydra bites you! The six-headed hydra bites you.
The six-headed hydra bites you!
* * * LOW HITPOINT WARNING * * *
The six-headed hydra bites you!
You die...

#.......##
##........
........
#......
##.w... #
#.....# ⌠..
#....#.....
#..@..⌠.>.⌠
#..D.......
#....##...#
#....# .##
#..##. ##.
.. #. .# ..
##


You could see Gastronok and a six-headed hydra.

Vanquished Creatures
  Erolcha (D:8)
  A hill giant (D:8)
  Psyche (D:7)
  A two-headed ogre (D:8)
  6 yaks (D:9)
  A hippogriff (shapeshifter) (D:8)
  Grum (D:7)
  2 hippogriffs
  3 water moccasins
  A porcupine (D:9)
  8 orc warriors
  2 sky beasts
  2 ice beasts
  5 phantoms
  A black bear (D:6)
  2 wolves (D:7)
  8 ogres
  4 centaurs
  A crocodile (D:9)
  2 big kobolds
  4 giant frogs
  Blork the orc (D:6)
  2 killer bees (D:7)
  2 vampire bats (D:9)
  4 wights (D:7)
  6 howler monkeys
  4 jellies
  4 crimson imps
  A centaur skeleton (D:7)
  5 orc priests
  Crazy Yiuf (D:5)
  4 hounds
  7 orc wizards
  Ijyb (D:2)
  5 worker ants
  2 iguanas
  A hound skeleton (D:7)
  10 gnolls
  7 adders
  2 river rats (D:9)
  2 shadow imps
  An ooze (D:3)
  An adder zombie (D:6)
  4 adder skeletons
  5 worms
  A dart slug (D:2)
  6 giant geckos
  50 orcs
  2 bat skeletons (D:9)
  3 bat zombies (D:9)
  11 giant cockroaches
  10 goblins
  12 hobgoblins
  13 jackals
  3 quokkas
  2 ball pythons
  27 bats
  A giant gecko skeleton (D:5)
  5 giant newts
  A jackal skeleton (D:9)
  17 kobolds
  A quokka skeleton (D:6)
  15 rats
  3 plants (D:9)
322 creatures vanquished.

Vanquished Creatures (collateral kills)
  A rat (D:9)
1 creature vanquished.

Vanquished Creatures (others)
  A killer bee (D:8)
  7 fungi (D:9)
  4 plants (D:9)
12 creatures vanquished.

Grand Total: 335 creatures vanquished

Notes
Turn   | Place    | Note
--------------------------------------------------------------
     0 | D:1      | Ordine the Deep Elf Wizard began the quest for the Orb.
     0 | D:1      | Reached XP level 1. HP: 10/10 MP: 7/7
   277 | D:1      | Reached skill level 5 in Spellcasting
   281 | D:1      | Reached XP level 2. HP: 9/15 MP: 0/10
   452 | D:1      | Learned a level 2 spell: Blink
  1343 | D:2      | Noticed Ijyb
  1377 | D:2      | Killed Ijyb
  1377 | D:2      | Reached XP level 3. HP: 18/19 MP: 0/12
  1507 | D:2      | Found a radiant altar of Vehumet.
  1537 | D:2      | Became a worshipper of Vehumet
  1617 | D:2      | Reached skill level 6 in Spellcasting
  1620 | D:2      | Reached XP level 4. HP: 24/24 MP: 7/14
  2074 | D:2      | Learned a level 3 spell: Conjure Flame
  2078 | D:2      | Learned a level 3 spell: Mephitic Cloud
  2081 | D:2      | Learned a level 2 spell: Repel Missiles
  2309 | D:2      | Reached * piety under Vehumet
  2309 | D:2      | Offered knowledge of Sting by Vehumet.
  2991 | D:3      | Reached XP level 5. HP: 26/28 MP: 9/16
  3080 | D:3      | Noticed Enish's ghost (amateur MiAr)
  4067 | D:3      | Reached skill level 7 in Spellcasting
  4321 | D:2      | Offered knowledge of Freeze by Vehumet.
  4573 | D:3      | Reached ** piety under Vehumet
  4575 | D:3      | Found an iron altar of Okawaru.
  4660 | D:4      | Noticed an ogre
  4666 | D:4      | Killed an ogre
  4666 | D:4      | Reached XP level 6. HP: 32/32 MP: 10/18
  4875 | D:4      | Reached skill level 1 in Fire Magic
  4875 | D:4      | Reached skill level 1 in Air Magic
  5021 | D:4      | Reached skill level 8 in Spellcasting
  5021 | D:4      | Reached XP level 7. HP: 36/36 MP: 13/20
  6092 | D:5      | Entered Level 5 of the Dungeon
  6446 | D:5      | Reached XP level 8. HP: 34/41 MP: 12/22
  6507 | D:5      | Got a fine granite ring
  6710 | D:5      | Identified the ring "Enogudas" {rC+ Int+6 SInv} (You found it on level 5 of the Dungeon)
  6779 | D:5      | Noticed Crazy Yiuf
  6787 | D:5      | Killed Crazy Yiuf
  6787 | D:5      | Offered knowledge of Ignite Poison by Vehumet.
  6802 | D:5      | Learned a level 3 spell: Ignite Poison
  6848 | D:5      | Found a hazy altar of Hepliaklqana.
  6885 | D:5      | Found a staircase to the Ecumenical Temple.
  6891 | Temple   | Entered the Ecumenical Temple
  7313 | D:5      | Reached skill level 5 in Conjurations
  7360 | D:6      | Reached skill level 9 in Spellcasting
  7434 | D:6      | Found a glowing silver altar of Zin.
  7434 | D:6      | Found a burning altar of Makhleb.
  7435 | D:6      | Noticed an Executioner
  7435 | D:6      | Noticed an angel
  7449 | D:6      | Reached *** piety under Vehumet
  7733 | D:6      | Noticed Blork the orc
  7744 | D:6      | Killed Blork the orc
  7744 | D:6      | Reached skill level 5 in Dodging
  8221 | D:6      | Gained mutation: You tend to lose your temper in combat. [potion of mutation]
  8221 | D:6      | Gained mutation: You are dopey. (Int -2) [potion of mutation]
  8221 | D:6      | Gained mutation: You possess an exceptional clarity of mind. [potion of mutation]
  8222 | D:6      | Gained mutation: Your body sometimes deteriorates upon taking damage. [potion of mutation]
  8222 | D:6      | Gained mutation: You often lose your temper in combat. [potion of mutation]
  8222 | D:6      | Lost mutation: Your body sometimes deteriorates upon taking damage. [potion of mutation]
  8223 | D:6      | Gained mutation: You are occasionally teleported next to monsters. [potion of mutation]
  8223 | D:6      | Gained mutation: Your spells are a little harder to cast, but a little more powerful. [potion of mutation]
  8224 | D:6      | Lost mutation: Your spells are a little harder to cast, but a little more powerful. [potion of cure mutation]
  8224 | D:6      | Lost mutation: You often lose your temper in combat. [potion of cure mutation]
  8224 | D:6      | Lost mutation: You possess an exceptional clarity of mind. [potion of cure mutation]
  8224 | D:6      | Lost mutation: You are dopey. (Int -2) [potion of cure mutation]
  8224 | D:6      | Lost mutation: You tend to lose your temper in combat. [potion of cure mutation]
  8473 | D:7      | Found Tuazxon's Gadget Shoppe.
  8509 | D:7      | Reached XP level 9. HP: 45/45 MP: 11/24
  8515 | D:7      | Got an ichor-stained trident
  8593 | D:7      | Identified the cursed +0 trident "Muasuimo" {flame, rC+++ rN++ Str-3 Int+2} (You found it on level 7 of the Dungeon)
  8616 | D:7      | Offered knowledge of Airstrike by Vehumet.
  8622 | D:7      | Learned a level 4 spell: Airstrike
  8653 | D:7      | Bought a crystal ball of energy for 220 gold pieces
  8893 | D:7      | Found a blossoming altar of Fedhas.
  8935 | D:7      | Reached skill level 5 in Fire Magic
  9305 | D:7      | Found a shimmering altar of Xom.
  9621 | D:7      | Reached skill level 10 in Spellcasting
  9621 | D:7      | Reached skill level 5 in Air Magic
 10312 | D:8      | Noticed Grum
 10314 | D:8      | Noticed Psyche
 10676 | D:7      | Killed Grum
 10764 | D:7      | Reached **** piety under Vehumet
 11024 | D:7      | Killed Psyche
 11135 | D:8      | Found a deep blue altar of Sif Muna.
 11137 | D:8      | Noticed a hill giant
 11495 | D:8      | Gained mutation: You are partially covered in thin metallic scales. (AC +2) [potion of mutation]
 11495 | D:8      | Lost mutation: You are partially covered in thin metallic scales. (AC +2) [potion of mutation]
 11495 | D:8      | Gained mutation: You are frail. (-10% HP) [potion of mutation]
 11521 | D:8      | Reached XP level 10. HP: 45/45 MP: 4/26
 11646 | D:8      | Offered knowledge of Fireball by Vehumet.
 11653 | D:8      | Learned a level 5 spell: Fireball
 11722 | D:8      | Killed a hill giant
 11722 | D:8      | Reached skill level 11 in Spellcasting
 12159 | D:8      | Noticed Erolcha
 12168 | D:8      | Killed Erolcha
 12324 | D:8      | Got a scorched hand crossbow
 12326 | D:8      | Got a slimy blowgun
 12327 | D:8      | Identified the +5 hand crossbow of Responsibility {venom, rF+ Str+7 Dex-5} (You found it on level 8 of the Dungeon)
 12328 | D:8      | Identified the +7 blowgun of Valuable Assets {evade, Int+6} (You found it on level 8 of the Dungeon)
 12394 | D:8      | Found a shadowy altar of Dithmenos.
 12822 | D:8      | Found a sacrificial altar of Ru.
 12832 | D:9      | Found a sparkling altar of Nemelex Xobeh.
 12832 | D:9      | Found an opulent altar of Gozag.
 13260 | D:9      | Found a staircase to the Lair.
 13326 | D:9      | Reached ***** piety under Vehumet
 13424 | D:9      | Offered knowledge of Bolt of Fire by Vehumet.
 13440 | D:9      | Learned a level 6 spell: Bolt of Fire
 13446 | D:9      | Found a roughly hewn altar of Beogh.
 13446 | D:9      | Found a staircase to the Orcish Mines.
 13846 | D:9      | Found an ancient bone altar of Kikubaaqudgha.
 13920 | D:9      | Found a bloodstained altar of Trog.
 14474 | Lair:1   | Entered Level 1 of the Lair of Beasts
 14474 | Lair:1   | Noticed Gastronok
 14481 | D:9      | Reached XP level 11. HP: 48/48 MP: 8/28
 14604 | D:9      | Reached skill level 12 in Spellcasting
 14842 | Lair:1   | Noticed a six-headed hydra
 14961 | Lair:1   | Slain by a six-headed hydra

Vault maps used:
D:1:      saegor_arrival_simple_e, roderic_lattice_a,
          roderic_bipointed_swastika, minmay_door_square
D:2:      lemuel_doored_altar, uniq_iyjb
D:3:      okawaru_ov_weapons_minmay
D:4:      first_bread, grunt_ministairs_1, st_stairs_13, serial_bayou_lagoon_a
D:5:      lemuel_round_altar, minmay_temple_entry_fiery, uniq_crazy_yiuf_cottage
D:6:      grunt_temple_overflow_order_and_chaos_2, uniq_blork_the_orc
D:7:      fedhas_bush_and_centaur_altar, xom_teletrap_fun, serial_shops,
          shop_coins, grunt_ogre_cave
D:8:      old_standard_altar, nicolae_overflow_hidden_temple,
          minmay_strange_pillars, roderic_batcave, minmay_radiant, uniq_erolcha,
          uniq_psyche, uniq_grum
D:9:      grunt_temple_overflow_opulence, kennysheep_vampire_church,
          nicolae_overflow_crystal_walls, grunt_lair_entry_orc_guard_hut,
          david_orc_5
Temple:   minmay_temple_curvy_8
Lair:1:   grunt_megastairs_2, serial_bayou_shore_b, uniq_sonja, uniq_gastronok

Skill      XL: |  1  2  3  4  5  6  7  8  9 10 11 |
---------------+----------------------------------+-----
Spellcasting   | 5 6 7 8 9 10 11 12 | 12.0
Conjurations   | 2 3 4 5 7 8 |  8.4
Translocations | 2 3 |  3.1
Fire Magic     | 1 3 4 6 7 |  7.9
Air Magic      | 1 2 4 5 7 |  7.2
Dodging        | 3 4 5 7 8 9 |  9.1
Stealth        | |  2.4
Summonings     | |  1.1

Action                   |  1- 3 |  4- 6 |  7- 9 | 10-12 || total
-------------------------+-------+-------+-------+-------++-------
Melee: Dagger            |    31 |       |   108 |       ||   139
       Unarmed           |       |       |     2 |       ||     2
       Trident           |       |       |     2 |    10 ||    12
 Cast: Magic Dart        |    94 |   242 |   569 |   205 ||  1110
       Conjure Flame     |       |     5 |     8 |       ||    13
       Repel Missiles    |       |     2 |     1 |       ||     3
       Blink             |       |     5 |    22 |    11 ||    38
       Mephitic Cloud    |       |       |    10 |     9 ||    19
       Ignite Poison     |       |       |     1 |    10 ||    11
       Fireball          |       |       |       |    56 ||    56
       Airstrike         |       |       |       |     1 ||     1
  Use: Scroll            |     7 |     9 |     8 |     1 ||    25
       Potion            |     1 |       |     5 |       ||     6
  Eat: Chunk             |     2 |     9 |    20 |    11 ||    42
       Fruit             |       |     1 |       |       ||     1
Armor: Robe              |     9 |     9 |       |       ||    18
       Skin              |    18 |       |       |       ||    18
       Steam dragon armo |       |     8 |    44 |    36 ||    88
Dodge: Dodged            |    17 |    25 |   135 |   119 ||   296
       Deflected         |       |     1 |    14 |     2 ||    17
Block: Other             |       |     6 |    22 |    22 ||    50
       Reflection        |       |       |     7 |     3 ||    10
